 Dungeon Crawl Stone Soup version 0.29-a0-304-gb34f9e1 (webtiles) character file.

Game seed: 7875819509165108772

8 Think the Shield-Bearer (level 2, 0/21 HPs)
             Began as an Octopode Fighter on Mar 26, 2022.
             Slain by a dart slug (2 damage)
             ... on level 1 of the Dungeon.
             The game lasted 00:00:20 (193 turns).

Think the Shield-Bearer (Octopode Fighter)           Turns: 193, Time: 00:00:21

Health: 0/21       AC:  1    Str: 15    XL:     2   Next: 8%
Magic:  2/2        EV: 13    Int: 10    God:
Gold:   18         SH:  4    Dex: 11    Spells: 1/1 levels left

rFire   . . .      SeeInvis .   a - +0 rapier
rCold   . . .      Faith    .   b - +0 buckler
rNeg    . . .      Spirit   .   (helmet restricted)
rPois   .          Reflect  .   (no amulet)
rElec   .          Harm     .   (no ring)
rCorr   .          Rampage  .   (no ring)
Will    .....                   (no ring)
Stlth   ++........              (no ring)
HPRegen 0.07/turn               (no ring)
MPRegen 0.08/turn               (no ring)
                                (no ring)
                                (no ring)

@: no status effects
A: almost no armour, amphibious, 8 rings, camouflage 1, gelatinous body 1,
(nimble swimmer 1), tentacles
a: no special abilities


You were on level 1 of the Dungeon.
You visited 1 branch of the dungeon, and saw 1 of its levels.

You collected 18 gold pieces.

Inventory:

Hand Weapons
 a - a +0 rapier (weapon)
Armour
 b - a +0 buckler (worn)
Jewellery
 d - an amulet of magic regeneration
Potions
 c - a potion of might
 e - a potion of curing {unknown}


   Skills:
 - Level 3.0 Fighting
 + Level 2.7 Short Blades
 - Level 3.0 Dodging
 - Level 3.0 Shields


You had one spell level left.
You didn't know any spells.
Your spell library was empty.

Dungeon Overview and Level Annotations

Branches:
Dungeon (1/15)

Altars:


Innate Abilities, Weirdness & Mutations

You cannot wear most types of armour.
You are amphibious.
You can wear up to eight rings at the same time.
Your skin changes colour to match your surroundings (Stealth+).
Your rubbery body absorbs attacks. (AC +1, EV +1)
((You are camouflaged when in or above water. (Stealth+)))
You have tentacles for arms and can constrict up to eight enemies at once.


Message History

The endoplasm is almost dead.
The endoplasm freezes you.
You are frozen.
You hit the endoplasm.
You kill the endoplasm!
HP restored.
A hobgoblin comes into view.
Found a quarterstaff.
There are monsters nearby!
There are monsters nearby!
Found a grey potion.
The hobgoblin shouts!
Found a potion of might.
An endoplasm comes into view.
You barely miss the goblin. Your grab misses the goblin.
The goblin hits you with a +0 dagger.
You hit the goblin.
You kill the goblin!
The hobgoblin barely misses you.
You hit the hobgoblin but do no damage. You grab the hobgoblin.
You constrict the hobgoblin. The hobgoblin hits you.
You puncture the hobgoblin!
You kill the hobgoblin!
The endoplasm freezes you.
You are frozen.
A dart slug comes into view.
You have reached level 2!
The endoplasm attacks as you move away! The endoplasm hits you.
You hit the endoplasm.
The endoplasm is heavily wounded.
The endoplasm hits you.
* * * LOW HITPOINT WARNING * * *
You hit the endoplasm.
The endoplasm is severely wounded.
The endoplasm hits you.
* * * LOW HITPOINT WARNING * * *
You hit the endoplasm.
You kill the endoplasm!
The dart slug bites you.
You die...

.....! ...#..#
###.#.####.#..######
...................>
#.###.#...............
#.....................
###.###.#......##.....##
.......)..#.##.#8.....8#
##w.##w#......##.....##
#@#.##.#.##.....##
#.$......#8.....8#
#!####.#.##.....## #..
...##.....## #### #
#8.....8# ##.....##
##.....## #8.....8#
##.....##


You could see a dart slug.

Vanquished Creatures
  4 endoplasms (D:1)
  A goblin (D:1)
  A hobgoblin (D:1)
6 creatures vanquished.

Notes
Turn   | Place    | Note
-------+----------+-------------------------------------------
     0 | D:1      | Think the Octopode Fighter began the quest for the Orb.
     0 | D:1      | Reached XP level 1. HP: 16/16 MP: 1/1
   187 | D:1      | Reached XP level 2. HP: 8/21 MP: 2/2
   193 | D:1      | Slain by a dart slug

Illustrated notes

Levels and vault maps discovered:
D:1:      psy_arrival_heroes, layout_basic, minmay_small_reverse_x

Action                   || total
-------------------------++-------
Melee: Rapier            ||    14
       Tentacles         ||     2
       Constrict         ||     1
       Punch             ||     1
Dodge: Dodged            ||     5

Table legend: (Time is in decaauts)
 A = Elapsed time spent in this place.
 B = Non-inter-level travel time spent in this place.
 C = Inter-level travel time spent in this place.
 D = Time resting spent in this place.
 E = Time spent auto-exploring this place.
 F = Levels seen in this place.
 G = Mean time per level.
                   A        B        C        D        E       F      G
               +--------+--------+--------+--------+--------+-----+--------+
         Total |    194 |    194 |      0 |      0 |    157 |   1 |  194.0 |
       Dungeon |    194 |    194 |      0 |      0 |    157 |   1 |  194.0 |
               +--------+--------+--------+--------+--------+-----+--------+

Top non-repeatable levels by time:
     D:1: 194 daAuts
